 Dungeon Crawl Stone Soup version 0.26.1-11-gd32895ea62 (webtiles) character file.

Game seed: 3515308821959576465

1512 Jerry the Cudgeller (level 8, -10/82 (83) HPs)
             Began as a Troll Chaos Knight on June 8, 2021.
             Was a Plaything of Xom.
             Mangled by a centaur (15 damage)
             ... on level 7 of the Dungeon.
             The game lasted 00:13:09 (4823 turns).

Jerry the Cudgeller (Troll Chaos Knight)            Turns: 4823, Time: 00:13:11

HP:   -10/82 (83)   AC:  9    Str: 27    XL:     8   Next: 53%
MP:   7/7           EV: 12    Int: 14    God:    Xom [....*.]
Gold: 271           SH:  0    Dex: 11    Spells: 7/7 levels left

rFire    . . .     SeeInvis .   a - +0 mace (chaos)
rCold    . . .     Faith    .   (no shield)
rNeg     . . .     Spirit   .   b - +2 robe
rPois    .         Reflect  .   (helmet restricted)
rElec    .         Harm     .   f - +0 cloak
rCorr    .         Rampage  .   (gloves unavailable)
Will     .....                  (boots unavailable)
Stlth    +.........             (no amulet)
HPRegen  0.63/turn              z - +6 ring of intelligence
MPRegen  0.10/turn              y - +6 ring of strength

@: flying, lightly drained
A: large, unfitting armour, claws 3, regeneration 1, shaggy fur 1, tough skin 3
a: Renounce Religion


You were on level 7 of the Dungeon.
You worshipped Xom.
You were a beloved toy of Xom.
You visited 1 branch of the dungeon, and saw 7 of its levels.

You collected 271 gold pieces.

Inventory:

Hand Weapons
 a - a +0 mace of chaos (weapon)
 l - a +0 whip
 t - a +0 flail of holy wrath
Armour
 b - a +2 robe (worn)
 f - a +0 cloak (worn)
Jewellery
 r - an uncursed ring of protection from cold
 y - a +6 ring of strength (right claw)
 z - a +6 ring of intelligence (left claw)
Wands
 p - a wand of flame (13)
 B - a wand of random effects (19)
Scrolls
 c - 2 scrolls of fear {unknown}
 d - 2 scrolls of remove curse {unknown}
 g - 3 scrolls of amnesia {unknown}
 h - 13 scrolls of identify {unknown}
 i - a scroll of immolation {unknown}
 j - 8 scrolls of teleportation {unknown}
 m - a scroll of enchant armour {unknown}
 s - a scroll of enchant weapon {unknown}
 v - a scroll of summoning {unknown}
 C - a scroll of noise {unknown}
Potions
 e - 3 potions of heal wounds {unknown}
 k - 3 potions of curing {unknown}
 n - a potion of ambrosia {unknown}
 o - a potion of attraction {unknown}
 q - a potion of mutation {unknown}
 u - a potion of invisibility {unknown}
 w - a potion of degeneration {unknown}
 A - a potion of cancellation {unknown}
 D - a potion of lignification {unknown}


   Skills:
 + Level 5.8 Fighting
 + Level 6.3 Maces & Flails
 + Level 5.2 Dodging


You had 7 spell levels left.
You didn't know any spells.
Your spell library was empty.

Dungeon Overview and Level Annotations

Branches:
Dungeon (7/15)             Temple (0/1) D:6

Altars:
Gozag
Nemelex Xobeh
Ru
Sif Muna
Uskayaw
Xom

Annotations:
D:3 2 transporters
D:6 2 transporters, vovch's ghost, novice MiFi


Innate Abilities, Weirdness & Mutations

You are too large for most types of armour.
You have claws for hands.
Your natural rate of healing is unusually fast.
You are covered in fur. (AC +1)
You have extremely tough skin. (AC +3)


Message History

The centaur hits you.
You barely miss the centaur. The centaur hits you! The centaur hits you.
You hit the centaur but do no damage. The centaur closely misses you. x2
The centaur hits you.
* * * LOW HITPOINT WARNING * * *
You sock the centaur!
The centaur flickers and vanishes!
Deactivating autopickup; reactivate with Ctrl-A.
Something hits you.
* * * LOW HITPOINT WARNING * * *
Something hits you!
* * * LOW HITPOINT WARNING * * *
The orc wizard mumbles some strange words.
The orc wizard blinks!
It was a potion of flight.
You feel very buoyant.
You fly up into the air.
Xom roars with laughter!
Something hits you!
You die...
Xom bursts into laughter!

.## #.###........##....#.##.....
..# #.# ##.......###.....##...#.
..####.# #...[.>.#..............
....?..####.........###...#......
.....§.............## ##..#)#..(.
.##....####.......## ##...#.#....
.##.##..# #...(.o.# #...........
..#.###..##..>§{..# #.......)...
#.c.####g##...<)@.# #...........
#........#####.#### ##.####.#....
..#####........######..###......#
### #........................## #
#...####......###.###.#.)..## #.#
######.....†.......... .
###..###.....<...
#..####......... ...#.
...........


You could see an orc wizard (fast).

Vanquished Creatures
  A sky beast (D:5)
  An orc warrior (D:7)
  An ogre (D:5)
  A centaur (D:6)
  A water moccasin zombie (D:6)
  A killer bee (D:5)
  3 howler monkeys (D:7)
  A centaur zombie (D:5)
  2 hounds (D:5)
  A gnoll shaman (D:6)
  3 orc priests
  A bullfrog zombie (D:5)
  A jelly (D:6)
  4 orc wizards
  3 iguanas
  4 worker ants
  2 howler monkey zombies (D:5)
  A worker ant zombie (D:6)
  11 gnolls
  12 adders
  A shadow imp (D:6)
  2 white imps
  3 ufetubi
  2 oozes (D:1)
  2 adder skeletons
  An adder zombie (D:5)
  A worm (D:2)
  A dart slug (D:4)
  2 leopard geckos
  27 orcs
  2 bats
  11 giant cockroaches
  6 goblins
  5 hobgoblins
  4 jackals (D:1)
  3 quokkas
  5 frilled lizards
  6 kobolds
  2 quokka skeletons
  8 rats
149 creatures vanquished.

Vanquished Creatures (collateral kills)
  An ooze (D:2)
  An orc (D:5)
2 creatures vanquished.

Grand Total: 151 creatures vanquished

Notes
Turn   | Place    | Note
-------+----------+-------------------------------------------
     0 | D:1      | Jerry the Troll Chaos Knight began the quest for the Orb.
     0 | D:1      | Reached XP level 1. HP: 22/22 MP: 0/0
   124 | D:1      | Reached skill level 3 in Maces & Flails
   124 | D:1      | XOM: potion effect (haste)
   126 | D:1      | Reached XP level 2. HP: 29/29 MP: 1/1
   468 | D:1      | Reached XP level 3. HP: 37/37 MP: 2/2
   797 | D:2      | Reached XP level 4. HP: 45/45 MP: 3/3
  1075 | D:2      | XOM: 1-stop teleportation journey
  1095 | D:2      | Found a hide-covered altar of Uskayaw.
  1095 | D:2      | Found a sparkling altar of Nemelex Xobeh.
  1095 | D:2      | Found a shimmering blue altar of Sif Muna.
  1138 | D:2      | XOM: silly message
  1147 | D:2      | Found an opulent altar of Gozag.
  1512 | D:3      | Found a transporter.
  1625 | D:3      | Found a transporter.
  1843 | D:3      | Found a sacrificial altar of Ru.
  1921 | D:4      | XOM: silly message
  1925 | D:4      | XOM: silly message
  1932 | D:4      | Reached skill level 4 in Maces & Flails
  1932 | D:4      | Reached XP level 5. HP: 38/53 MP: 4/4
  2113 | D:4      | XOM: noise
  2362 | D:4      | XOM: noise
  2515 | D:4      | Reached XP level 6. HP: 58/62 MP: 5/5
  2711 | D:4      | XOM: silly message
  2876 | D:4      | XOM: divination: magic mapping
  2963 | D:4      | XOM: god gift: 8 javelins
  3005 | D:5      | Entered Level 5 of the Dungeon
  3114 | D:5      | XOM: cloud trail
  3140 | D:5      | Noticed a sky beast
  3143 | D:5      | XOM: cast spell 'Discord'
  3155 | D:5      | XOM: scenery: create altars
  3157 | D:5      | Killed a sky beast
  3160 | D:5      | Reached XP level 7. HP: 61/71 MP: 6/6
  3169 | D:5      | Reached skill level 5 in Maces & Flails
  3476 | D:5      | XOM: potion effect (invisibility)
  3761 | D:6      | XOM: polymorph bullfrog -> killer bee
  3765 | D:5      | Reached skill level 5 in Fighting
  3852 | D:6      | XOM: god gift: 50 gold pieces
  3887 | D:6      | Found a transporter.
  3899 | D:6      | Noticed vovch's ghost (novice MiFi)
  3969 | D:6      | Reached XP level 8. HP: 20/80 MP: 7/7
  4117 | D:6      | Found a transporter.
  4135 | D:6      | Found a staircase to the Ecumenical Temple.
  4234 | D:6      | XOM: enchant monster (bad)
  4473 | D:7      | Reached skill level 6 in Maces & Flails
  4597 | D:7      | XOM: smoke on damage
  4674 | D:7      | XOM: confusion
  4702 | D:7      | XOM: confusion (+ monsters)
  4709 | D:7      | XOM: 3-stop teleportation journey
  4726 | D:7      | XOM: snakes to sticks
  4732 | D:7      | Reached skill level 5 in Dodging
  4741 | D:7      | XOM: swap monsters
  4795 | D:7      | XOM: smoke on damage
  4817 | D:7      | XOM: swap monsters
  4822 | D:7      | HP: 4/82 [something (12)]
  4823 | D:7      | Mangled by a centaur

Illustrated notes

Levels and vault maps discovered:
D:1:      minmay_arrival_solitary_statue, layout_loops_cross
D:2:      layout_basic, gammafunk_temple_overflow_claw, lemuel_crystal_altar
D:3:      gammafunk_steamed_eel, layout_rooms, lemuel_coloured_pillars_altar
D:4:      layout_loops_corners, kennysheep_generic_room_4
D:5:      layout_loops_ring
D:6:      layout_basic, minmay_temple_entry_waves, gammafunk_ghost_arena
D:7:      layout_rooms

Skill      XL: |  1  2  3  4  5  6  7  8 |
---------------+-------------------------+-----
Maces & Flails | 3 4 5 6 |  6.3
Fighting       | 3 4 5 |  5.8
Dodging        | 2 3 4 5 |  5.2

Action                   |  1- 3 |  4- 6 |  7- 9 || total
-------------------------+-------+-------+-------++-------
Melee: Mace              |    96 |   253 |   228 ||   577
  Use: Potion            |       |       |     1 ||     1
 Stab: Petrified         |       |     6 |       ||     6
       Paralysed         |       |     1 |     4 ||     5
       Sleeping          |       |     1 |     1 ||     2
       Invisible         |       |       |     3 ||     3
       Confused          |       |       |     1 ||     1
Armor: Robe              |    46 |   110 |   117 ||   273
Dodge: Dodged            |    75 |   133 |   150 ||   358
